BSA
HOUSTON MARSHALS @ BAFFIN ISLAND BEAVERS
05/21/2028
 
TOP OF THE 1ST
Houston Marshals batting - Pitching for Baffin Island Beavers : RHP Luis Vargas
Pitching: RHP Luis Vargas
Batting: SHB Ramón Lugo 0-0: Foul Ball, location: 2F
0-1: Ball
1-1: Called Strike
1-2: Ball
2-2: Ball
3-2: SINGLE (Line Drive, 34D)
Batting: LHB Lewis Barr 0-0: Ball
1-0: Ball
2-0: Called Strike
2-1: Fly out, F4 (Popup, 4)
Batting: RHB Chris Parker 0-0: Foul Ball, location: 2F
0-1: Ball
1-1: Reached on error, E1 (Groundball, 13S)
Ramón Lugo to second
Batting: LHB José Rodríguez 0-0: Ball
1-0: SINGLE (Line Drive, 89S)
Ramón Lugo to third
Chris Parker to second
Batting: LHB John Peterson 0-0: Foul Ball, location: 2F
0-1: Ball
1-1: Fielders Choice at 2nd, 4-6 (Groundball, 4)
Ramón Lugo scores
Chris Parker to third
Batting: SHB Juan Gómez 0-0: Called Strike
0-1: Ball
1-1: Foul Ball, location: 2F
1-2: SINGLE (Line Drive, 9LS)
Chris Parker scores
John Peterson to second
Batting: RHB Jim Tracy 0-0: Called Strike
0-1: Ball
1-1: Swinging Strike
1-2: Ball
2-2: Ground out 4-3 (Groundball, 4S)
Top of the 1st over - 2 run(s), 3 hit(s), 1 error(s), 2 left on base; Houston 2 - Baffin Island 0
BOTTOM OF THE 1ST
Baffin Island Beavers batting - Pitching for Houston Marshals : RHP José Gonzáles
Pitching: RHP José Gonzáles
Batting: RHB Eduardo García 0-0: Fly out, F7 (Flyball, 78XD)
Batting: SHB Alonso Ferreira 0-0: Called Strike
0-1: Called Strike
0-2: Foul Ball, location: 2F
0-2: Ball
1-2: Ball
2-2: Ground out 5-3 (Groundball, 56)
Batting: RHB Dave Craig 0-0: Ball
1-0: SINGLE (Line Drive, 6MD)
Batting: LHB Robert Phillips Pickoff Throw to First - Out!
Bottom of the 1st over - 0 run(s), 1 hit(s), 0 error(s), 0 left on base; Houston 2 - Baffin Island 0
TOP OF THE 2ND
Houston Marshals batting - Pitching for Baffin Island Beavers : RHP Luis Vargas
Batting: RHB Sadao Kimura 0-0: Foul Ball, location: 2F
0-1: Foul Ball, location: 2F
0-2: Ball
1-2: Strikes out looking
Batting: RHB Alberto Velásquez 0-0: Ball
1-0: DOUBLE (Line Drive, 89D)
Batting: SHB Ramón Lugo 0-0: Ball
1-0: Ball
2-0: Swinging Strike
2-1: Ball
3-1: Foul Ball, location: 2F
3-2: Base on Balls
Batting: LHB Lewis Barr 0-0: Ball
Throwing error on steal attempt, E2
Alberto Velásquez scores
Ramón Lugo to third
1-0: Ball
2-0: Called Strike
2-1: Swinging Strike
2-2: Foul Ball, location: 2F
2-2: Foul Ball, location: 2F
2-2: Strikes out swinging
Batting: RHB Chris Parker 0-0: Ball
1-0: Called Strike
1-1: Fly out, F6 (Popup, 6M)
Top of the 2nd over - 1 run(s), 1 hit(s), 1 error(s), 1 left on base; Houston 3 - Baffin Island 0
BOTTOM OF THE 2ND
Baffin Island Beavers batting - Pitching for Houston Marshals : RHP José Gonzáles
Batting: LHB Robert Phillips 0-0: Ball
1-0: Ball
2-0: Ground out 4-3 (Groundball, 4)
Batting: LHB Lorenzo Villa 0-0: Ground out U3 (Groundball, 3)
Batting: RHB José Aguilera 0-0: Ball
1-0: Foul Ball, location: 2F
1-1: Ground out 4-3 (Groundball, 4)
Bottom of the 2nd over - 0 run(s), 0 hit(s), 0 error(s), 0 left on base; Houston 3 - Baffin Island 0
TOP OF THE 3RD
Houston Marshals batting - Pitching for Baffin Island Beavers : RHP Luis Vargas
Batting: LHB José Rodríguez 0-0: SINGLE (Flyball, 7S)
Batting: LHB John Peterson 0-0: Foul Ball, location: 2F
0-1: DOUBLE (Line Drive, 8LD)
José Rodríguez to third
Batting: SHB Juan Gómez 0-0: Ball
1-0: Foul Ball, location: 2F
1-1: Ball
2-1: Ball
3-1: DOUBLE (Line Drive, 7LM)
José Rodríguez scores
John Peterson scores
Batting: RHB Jim Tracy 0-0: Foul Ball, location: 2F
0-1: Ball
1-1: Ball
2-1: Ball
3-1: Base on Balls
Batting: RHB Sadao Kimura 0-0: Called Strike
0-1: Ball
1-1: Swinging Strike
1-2: Reached on error, E5 (Groundball, 56)
Juan Gómez to third
Jim Tracy to second
Batting: RHB Alberto Velásquez 0-0: Foul Ball, location: 2F
0-1: Foul Ball, location: 2F
0-2: Strikes out swinging
Batting: SHB Ramón Lugo 0-0: Called Strike
0-1: Grounds out, U3 (Groundball, 3L)
Juan Gómez scores
Jim Tracy to third
Batting: LHB Lewis Barr 0-0: Ball
1-0: Ground out 3-1 (Groundball, 34)
Top of the 3rd over - 3 run(s), 3 hit(s), 1 error(s), 2 left on base; Houston 6 - Baffin Island 0
BOTTOM OF THE 3RD
Baffin Island Beavers batting - Pitching for Houston Marshals : RHP José Gonzáles
Batting: LHB Keng-chi Lao 0-0: Foul Ball, location: 2F
0-1: Ball
1-1: Ball
2-1: Foul Ball, location: 2F
2-2: Ball
3-2: SINGLE (Line Drive, 8RS)
Batting: RHB Raúl Soto 0-0: Grounds into double play, 4-6-3 (Groundball, 4)
Batting: LHB Mike MacFadden 0-0: Ball
1-0: Foul Ball, location: 2F
1-1: Ground out U3 (Groundball, 34S)
Bottom of the 3rd over - 0 run(s), 1 hit(s), 0 error(s), 0 left on base; Houston 6 - Baffin Island 0
TOP OF THE 4TH
Houston Marshals batting - Pitching for Baffin Island Beavers : RHP Luis Vargas
Batting: RHB Chris Parker 0-0: Fly out, F7 (Flyball, 7)
Batting: LHB José Rodríguez 0-0: Swinging Strike
0-1: Ball
1-1: Ball
2-1: Ground out 4-3 (Groundball, 34)
Batting: LHB John Peterson 0-0: Called Strike
0-1: Foul Ball, location: 2F
0-2: Ball
1-2: Ground out U3 (Groundball, 3)
Top of the 4th over - 0 run(s), 0 hit(s), 0 error(s), 0 left on base; Houston 6 - Baffin Island 0
BOTTOM OF THE 4TH
Baffin Island Beavers batting - Pitching for Houston Marshals : RHP José Gonzáles
Batting: RHB Eduardo García 0-0: Called Strike
0-1: Ball
1-1: Foul Ball, location: 2F
1-2: Strikes out looking
Batting: SHB Alonso Ferreira 0-0: Fly out, F3 (Line Drive, 3S)
Batting: RHB Dave Craig 0-0: Ball
1-0: Foul Ball, location: 2F
1-1: Foul Ball, location: 2F
1-2: Foul Ball, location: 2F
1-2: Ball
2-2: Fly out, F8 (Flyball, 8LD)
Bottom of the 4th over - 0 run(s), 0 hit(s), 0 error(s), 0 left on base; Houston 6 - Baffin Island 0
TOP OF THE 5TH
Houston Marshals batting - Pitching for Baffin Island Beavers : RHP Luis Vargas
Pitching: RHP Nathan Walters
Batting: SHB Juan Gómez 0-0: Foul Ball, location: 2F
0-1: Ball
1-1: Ball
2-1: Called Strike
2-2: Foul Ball, location: 2F
2-2: Ball
3-2: Ground out 5-3 (Groundball, 5L)
Batting: RHB Jim Tracy 0-0: Ball
1-0: Ball
2-0: Ball
3-0: Base on Balls
Batting: RHB Sadao Kimura 0-0: Ball
1-0: Foul Ball, location: 2F
1-1: Fly out, F7 (Flyball, 78S)
Batting: RHB Alberto Velásquez 0-0: Ball
1-0: Foul Ball, location: 2F
1-1: Ball
2-1: Swinging Strike
2-2: Foul Ball, location: 2F
2-2: Ground out 5-3 (Groundball, 56S)
Top of the 5th over - 0 run(s), 0 hit(s), 0 error(s), 1 left on base; Houston 6 - Baffin Island 0
BOTTOM OF THE 5TH
Baffin Island Beavers batting - Pitching for Houston Marshals : RHP José Gonzáles
Batting: LHB Robert Phillips 0-0: Ground out 3-1 (Groundball, 34)
Batting: LHB Lorenzo Villa 0-0: Foul Ball, location: 2F
0-1: Ball
1-1: Ground out U3 (Groundball, 34)
Batting: RHB José Aguilera 0-0: Ball
1-0: Called Strike
1-1: Foul Ball, location: 2F
1-2: Fly out, F8 (Flyball, 8LD)
Bottom of the 5th over - 0 run(s), 0 hit(s), 0 error(s), 0 left on base; Houston 6 - Baffin Island 0
TOP OF THE 6TH
Houston Marshals batting - Pitching for Baffin Island Beavers : RHP Nathan Walters
Batting: SHB Ramón Lugo 0-0: Ball
1-0: Swinging Strike
1-1: Ground out U3 (Groundball, 34)
Batting: LHB Lewis Barr 0-0: TRIPLE (Line Drive, 78XD)
Batting: RHB Chris Parker 0-0: Called Strike
0-1: Ball
1-1: Ground out 4-3 (Groundball, 4S)
Lewis Barr scores
Batting: LHB José Rodríguez 0-0: Called Strike
0-1: Swinging Strike
0-2: Foul Ball, location: 2F
0-2: Ball
1-2: Strikes out swinging
Top of the 6th over - 1 run(s), 1 hit(s), 0 error(s), 0 left on base; Houston 7 - Baffin Island 0
BOTTOM OF THE 6TH
Baffin Island Beavers batting - Pitching for Houston Marshals : RHP José Gonzáles
Batting: LHB Keng-chi Lao 0-0: Ball
1-0: SOLO HOME RUN (Flyball, 8LXD) (Inside the Park)
Batting: RHB Raúl Soto 0-0: Ball
1-0: Foul Ball, location: 2F
1-1: Foul Ball, location: 2F
1-2: Ball
2-2: Ball
3-2: Foul Ball, location: 2F
3-2: Base on Balls
Batting: LHB Mike MacFadden 0-0: Called Strike
0-1: Ball
1-1: Ball
2-1: Foul Ball, location: 2F
2-2: SINGLE (Groundball, 3D)
Raúl Soto to second
Runner from 2nd tries for 3rd, SAFE, throw made to third
Batting: RHB Eduardo García 0-0: Called Strike
0-1: Ball
1-1: Ball
2-1: Grounds into double play, 6-4-3 (Groundball, 6)
Raúl Soto scores
Batting: SHB Alonso Ferreira 0-0: Ball
1-0: Called Strike
1-1: Ground out 3-1 (Groundball, 34)
Bottom of the 6th over - 2 run(s), 2 hit(s), 0 error(s), 0 left on base; Houston 7 - Baffin Island 2
TOP OF THE 7TH
Houston Marshals batting - Pitching for Baffin Island Beavers : RHP Nathan Walters
Batting: LHB John Peterson 0-0: Called Strike
0-1: Called Strike
0-2: Fly out, F9 (Flyball, 9S)
Batting: SHB Juan Gómez 0-0: Called Strike
0-1: Ball
1-1: Foul Ball, location: 2F
1-2: SOLO HOME RUN (Line Drive, 7D), Distance : 418 ft
Batting: RHB Jim Tracy 0-0: Foul Ball, location: 2F
0-1: Foul Ball, location: 2F
0-2: Fly out, F9 (Flyball, 89M)
Batting: RHB Sadao Kimura 0-0: Foul Ball, location: 2F
0-1: Ball
1-1: Swinging Strike
1-2: Strikes out looking
Top of the 7th over - 1 run(s), 1 hit(s), 0 error(s), 0 left on base; Houston 8 - Baffin Island 2
BOTTOM OF THE 7TH
Baffin Island Beavers batting - Pitching for Houston Marshals : RHP José Gonzáles
Batting: RHB Dave Craig 0-0: Ball
1-0: Foul Ball, location: 2F
1-1: Fly out, F7 (Line Drive, 7LM)
Batting: LHB Robert Phillips 0-0: Ground out 1-3 (Groundball, 13)
Batting: LHB Lorenzo Villa 0-0: Ball
1-0: Ball
2-0: Ball
3-0: Called Strike
3-1: Base on Balls
Batting: RHB José Aguilera 0-0: Ball
1-0: Foul Ball, location: 2F
1-1: Fielders Choice at 2nd, 6-4 (Groundball, 56)
Bottom of the 7th over - 0 run(s), 0 hit(s), 0 error(s), 0 left on base; Houston 8 - Baffin Island 2
TOP OF THE 8TH
Houston Marshals batting - Pitching for Baffin Island Beavers : RHP Nathan Walters
Batting: RHB Alberto Velásquez 0-0: Ground out 6-3 (Groundball, 56)
Batting: SHB Ramón Lugo 0-0: Ball
1-0: Ball
2-0: Called Strike
2-1: Ball
3-1: Base on Balls
Batting: LHB Lewis Barr 0-0: Called Strike
0-1: Ball
1-1: Ground out 3-1 (Groundball, 3L)
Ramón Lugo to second
Batting: RHB Chris Parker 0-0: Ball
1-0: Called Strike
1-1: Swinging Strike
1-2: Ball
2-2: Foul Ball, location: 2F
2-2: Ball
3-2: SINGLE (Line Drive, 3D)
Ramón Lugo to third
Ramón Lugo scores
Batting: LHB José Rodríguez 0-0: Ball
Wild Pitch!
Chris Parker to second
1-0: Foul Ball, location: 2F
1-1: Foul Ball, location: 2F
1-2: Strikes out swinging
Top of the 8th over - 1 run(s), 1 hit(s), 0 error(s), 1 left on base; Houston 9 - Baffin Island 2
BOTTOM OF THE 8TH
Baffin Island Beavers batting - Pitching for Houston Marshals : RHP José Gonzáles
Batting: LHB Keng-chi Lao 0-0: Ball
1-0: Ball
2-0: Foul Ball, location: 2F
2-1: Ball
3-1: Base on Balls
Pitching: RHP Edward Cadle
Batting: RHB Raúl Soto 0-0: Ball
1-0: Ball
2-0: Fly out, F8 (Flyball, 8LD)
Batting: LHB Mike MacFadden 0-0: Ball
1-0: Ball
2-0: Ball
3-0: Called Strike
3-1: Base on Balls
Keng-chi Lao to second
Batting: RHB Eduardo García 0-0: Ball
1-0: Called Strike
1-1: Foul Ball, location: 2F
1-2: Ball
2-2: Strikes out swinging
Batting: SHB Alonso Ferreira 0-0: Foul Ball, location: 2F
0-1: Ball
1-1: Fielders Choice at 2nd, 4-6 (Groundball, 4)
Bottom of the 8th over - 0 run(s), 0 hit(s), 0 error(s), 1 left on base; Houston 9 - Baffin Island 2
TOP OF THE 9TH
Houston Marshals batting - Pitching for Baffin Island Beavers : RHP Nathan Walters
Batting: LHB John Peterson 0-0: Called Strike
0-1: Called Strike
0-2: Strikes out swinging
Batting: SHB Juan Gómez 0-0: Ball
1-0: Called Strike
1-1: Ball
2-1: Foul Ball, location: 2F
2-2: Ground out 5-3 (Groundball, 5)
Batting: RHB Jim Tracy 0-0: Ball
1-0: Foul Ball, location: 2F
1-1: Foul Ball, location: 2F
1-2: Foul Ball, location: 2F
1-2: Ball
2-2: Ball
3-2: Foul Ball, location: 2F
3-2: SINGLE (Groundball, 56D)
Batting: RHB Sadao Kimura 0-0: DOUBLE (Line Drive, 7D)
Jim Tracy to third
Batting: RHB Alberto Velásquez 0-0: Called Strike
0-1: Ground out 4-3 (Groundball, 34)
Top of the 9th over - 0 run(s), 2 hit(s), 0 error(s), 2 left on base; Houston 9 - Baffin Island 2
BOTTOM OF THE 9TH
Baffin Island Beavers batting - Pitching for Houston Marshals : RHP Edward Cadle
Batting: RHB Dave Craig 0-0: Called Strike
0-1: Ball
1-1: Ball
2-1: Ball
3-1: Base on Balls
Batting: LHB Robert Phillips 0-0: Ball
1-0: Called Strike
1-1: Foul Ball, location: 2F
1-2: Grounds into double play, 3-6-3 (Groundball, 34)
Batting: LHB Lorenzo Villa 0-0: Ball
1-0: Foul Ball, location: 2F
1-1: DOUBLE (Flyball, 89D)
Batting: RHB José Aguilera 0-0: Foul Ball, location: 2F
0-1: Foul Ball, location: 2F
0-2: Ball
1-2: Ball
2-2: Ground out U3 (Groundball, 34)
Bottom of the 9th over - 0 run(s), 1 hit(s), 0 error(s), 1 left on base; Houston 9 - Baffin Island 2
Tuesday, August 8th, 2017 - OOTP Baseball 17.12 Build 75